 Dungeon Crawl Stone Soup version 0.28.0 (webtiles) character file.

Game seed: 891665916258125790

258 Crownlay the Chopper (level 5, -9/47 HPs)
             Began as a Minotaur Gladiator on Feb 12, 2022.
             Killed by nerve-wracking pain
             ... invoked by Menkaure
              (14 damage)
             ... on level 4 of the Dungeon.
             The game lasted 00:02:34 (3334 turns).

Crownlay the Chopper (Minotaur Gladiator)           Turns: 3334, Time: 00:02:35

Health: -9/47      AC:  8    Str: 21    XL:     5   Next: 94%
Magic:  4/4        EV: 10    Int:  5    God:
Gold:   144        SH:  0    Dex: 11    Spells: 4/4 levels left

rFire   + + .      SeeInvis .   a - +0 war axe
rCold   x . .      Faith    .   (no shield)
rNeg    . . .      Spirit   .   l - +0 fire dragon scales
rPois   .          Reflect  .   c - +0 hat
rElec   .          Harm     .   (no cloak)
rCorr   .          Rampage  .   (no gloves)
Will    .....                   (no boots)
Stlth   ..........              (no amulet)
HPRegen 0.15/turn               n - ring of flight
MPRegen 0.09/turn               (no ring)

@: flying
A: horns 2, retaliatory headbutt
a: no special abilities


You were on level 4 of the Dungeon.
You visited 1 branch of the dungeon, and saw 4 of its levels.

You collected 144 gold pieces.

Inventory:

Hand Weapons
 a - a +0 war axe (weapon)
 r - the +4 mace of Ashenzari {speed, *Rage rElec rCorr Dex-3}
   (You found it on level 4 of the Dungeon)

   Attacks with this weapon are significantly faster.
   Dex:       It affects your dexterity (-3).
   rElec:     It insulates you from electricity.
   *Rage:     It berserks you when you make melee attacks (+20% chance).
   rCorr:     It protects you from acid and corrosion.
Missiles
 d - 3 throwing nets (quivered)
Armour
 c - a +0 hat (worn)
 l - +0 fire dragon scales (worn)
Jewellery
 n - a ring of flight (left hand)
Scrolls
 b - 5 scrolls of identify {unknown}
 i - a scroll of enchant armour {unknown}
 k - 2 scrolls of vulnerability {unknown}
 m - a scroll of teleportation {unknown}
 p - a scroll of noise {unknown}
Potions
 e - 2 potions of curing {unknown}
 f - a potion of resistance {unknown}
 g - 2 potions of attraction {unknown}
 h - a potion of haste {unknown}
 j - a potion of magic {unknown}
 o - 2 potions of mutation {unknown}
 q - a potion of heal wounds {unknown}


   Skills:
 + Level 4.4 Fighting
 * Level 6.5 Axes
 - Level 2.0 Throwing
 + Level 2.4 Armour
 - Level 3.2 Dodging


You had 4 spell levels left.
You didn't know any spells.
Your spell library contained the following spells:

 Spells                   Type           Power      Damage    Failure   Level
 Corpse Rot               Necr/Air       0%         N/A       95%         2
 Poisonous Vapours        Pois/Air       0%         N/A       95%         2
 Ozocubu's Armour         Ice            0%         N/A       99%         3
 Ozocubu's Refrigeration  Ice            0%         4d5       100%        7


Dungeon Overview and Level Annotations

Branches:
Dungeon (4/15)
 Temple: D:4-7

Altars:
Dithmenos
Uskayaw

Annotations:
D:4 Menkaure


Innate Abilities, Weirdness & Mutations

You have a pair of horns on your head.
You reflexively headbutt those who attack you in melee.


Message History

You kill the kobold!
No target in view!
No target in view!
No target in view!
No target in view!
No target in view!
No target in view!
No target in view!
o - 2 sapphire potions (gained 1)
You see here a +0 short sword.
Menkaure, Prince of Dust comes into view.
Found a stone staircase leading down.
Menkaure shouts!
You hear a shout!
Menkaure calls on the powers of darkness!
Your body is wracked with pain!
Menkaure is nearby!
Menkaure is nearby!
Okay, then.
Okay, then.
You hit Menkaure. You headbutt Menkaure.
Menkaure is moderately damaged.
Menkaure gestures wildly while chanting.
Menkaure seems to speed up.
You completely miss Menkaure. Your headbutt misses Menkaure.
Menkaure is moderately damaged.
Menkaure hits you. Menkaure hits you!!
* * * LOW HITPOINT WARNING * * *
You barely miss Menkaure.
Menkaure is moderately damaged.
Menkaure barely misses you.
You hit Menkaure but do no damage.
Menkaure is moderately damaged.
Menkaure closely misses you.
An ogre comes into view. It is wielding a +0 giant spiked club.
You barely miss Menkaure.
Menkaure is moderately damaged.
The ogre shouts!
Menkaure gestures at you while chanting.
Pain shoots through your body!
You die...

.# ..# ..# ..# ##
#.# .. #.#
.O###.###.###
..>...M@....#
.##.#####.#.#
#.#.# ##.#.#
##....##########
##.....##.......#
##.......#.#####.#
#..........# #.#
#..........# #.#


You could see an ogre and Menkaure (fast).

Vanquished Creatures
  A black bear (D:4)
  A hound (D:3)
  4 gnolls
  3 adders (D:2)
  A worm (D:2)
  3 dart slugs
  2 orcs (D:3)
  4 ball pythons
  6 bats
  2 endoplasms
  5 giant cockroaches
  A goblin (D:1)
  9 hobgoblins
  3 quokkas
  3 frilled lizards
  9 kobolds
  A rat (D:3)
58 creatures vanquished.

Notes
Turn   | Place    | Note
-------+----------+-------------------------------------------
     0 | D:1      | Crownlay the Minotaur Gladiator began the quest for the
                  | Orb.
     0 | D:1      | Reached XP level 1. HP: 18/18 MP: 0/0
    81 | D:1      | Reached skill level 4 in Axes
    83 | D:1      | Reached XP level 2. HP: 25/25 MP: 1/1
   477 | D:1      | Reached XP level 3. HP: 31/31 MP: 2/2
   998 | D:2      | Found a faded altar of an unknown god.
  1033 | D:2      | Reached skill level 5 in Axes
  1677 | D:2      | Reached XP level 4. HP: 36/38 MP: 3/3
  1810 | D:3      | Found a hide-covered altar of Uskayaw.
  1828 | D:2      | Reached skill level 1 in Armour
  2120 | D:3      | Found a shadowy altar of Dithmenos.
  2639 | D:3      | Reached skill level 6 in Axes
  2639 | D:3      | Reached XP level 5. HP: 39/46 MP: 4/4
  3007 | D:4      | Noticed a black bear
  3014 | D:4      | Killed a black bear
  3139 | D:4      | Identified the +4 mace of Ashenzari {speed, *Rage rElec
                  | rCorr Dex-3}
  3327 | D:4      | Noticed Menkaure
  3333 | D:4      | Noticed an ogre
  3334 | D:4      | Killed from afar by Menkaure

Illustrated notes

Levels and vault maps discovered:
D:1:      nzn_arrival_settlement, layout_rooms
D:2:      layout_basic, shapermc_ecumenical_altar_totnotflames, chequers_avenue,
          grunt_decor_one_mirror, hangedman_decor_slide_cut, minmay_tetromino_t2
D:3:      layout_basic, grunt_temple_overflow_open
D:4:      layout_loops_ring, uniq_menkaure

Skill      XL: |  1  2  3  4  5 |
---------------+----------------+-----
Axes           | 4 5 6 |  6.5
Fighting       | 3 4 |  4.4
Armour         | 1 2 |  2.4
Throwing       | |  2.0
Dodging        | |  3.2

Action                   |  1- 3 |  4- 6 || total
-------------------------+-------+-------++-------
Melee: War axe           |    57 |    57 ||   114
       Headbutt          |    10 |     5 ||    15
Armor: Leather armour    |    20 |       ||    20
       Fire dragon scale |     2 |    31 ||    33
Dodge: Dodged            |    40 |    31 ||    71
